 Dungeon Crawl Stone Soup version 0.23.0 (webtiles) character file.

Game seed: 2722237727083406922

98606 Masnef the Black Sun (level 15, -3/74 HPs)
             Began as a Spriggan Skald on Feb 16, 2019.
             Was a High Priest of Kikubaaqudgha.
             Slain by a black mamba (11 damage)
             ... on level 2 of the Snake Pit on Feb 17, 2019.
             The game lasted 02:54:30 (41447 turns).

Masnef the Black Sun (Spriggan Skald)              Turns: 41447, Time: 02:54:30

Health: -3/74      AC:  9    Str: 13    XL:     15   Next: 75%
Magic:  4/34       EV: 23    Int: 28    God:    Kikubaaqudgha [*****.]
Gold:   717        SH:  5    Dex: 12    Spells: 7/43 levels left

rFire    . . .     SeeInvis +   T - +6 dagger "Icilufoi" {freeze, Str+3}
rCold    . . .     Gourm    .   y - +0 buckler
rNeg     + + +     Faith    .   t - +1 robe "Launt" {Int+4}
rPois    .         Spirit   .   o - +2 hat
rElec    .         Reflect  .   H - +0 cloak
rCorr    .         Harm     .   (gloves unavailable)
MR       ++...                  (boots unavailable)
Stlth    ++++......             V - amulet "Fowosu" {Acrobat +Blink rN++ Int+3 Dex-4}
HPRegen  1.22/turn              Z - ring "Ypnum" {AC+3 Str+3}
MPRegen  0.24/turn              a - ring of positive energy

@: lethally poisoned (-3 -> -29), regenerating (expiring), constricted, very
quick
A: very small, unfitting armour, see invisible, herbivore, speed 3, slow
metabolism 2
a: Receive Corpses, Torment, Renounce Religion, Evoke Blink


You were on level 2 of the Snake Pit.
You worshipped Kikubaaqudgha.
Kikubaaqudgha was extremely pleased with you.
You were not hungry.

You visited 6 branches of the dungeon, and saw 26 of its levels.

You collected 2456 gold pieces.
You spent 1739 gold pieces at shops.

Inventory:

Hand Weapons
 f - a +2 dagger of venom
 F - a +2 dagger of holy wrath
 N - a +3 dagger
 T - the +6 dagger "Icilufoi" (weapon) {freeze, Str+3}
   (You bought it in a shop on level 1 of the Orcish Mines)

   It has been specially enchanted to freeze those struck by it, causing extra
   injury to most foes and up to half again as much damage against particularly
   susceptible opponents.
   It can also slow down cold-blooded creatures.
   It affects your strength (+3).
Armour
 m - +0 swamp dragon scales
 o - a +2 hat (worn)
 t - the +1 robe "Launt" (worn) {Int+4}
   (You bought it in a shop on level 2 of the Orcish Mines)

   It affects your intelligence (+4).
 y - a +0 buckler (worn)
 H - a +0 cloak (worn)
 M - a +2 robe of cold resistance
 P - a +2 troll leather armour {Snorg}
 X - a +2 robe of magic resistance
Jewellery
 a - a ring of positive energy (right hand)
 L - an uncursed amulet of regeneration
 Q - an uncursed ring of positive energy
 V - the amulet "Fowosu" (around neck) {Acrobat +Blink rN++ Int+3 Dex-4}
   (You found it on level 6 of the Lair of Beasts)

   [amulet of the acrobat]

   It helps you evade while moving and waiting.
   It affects your intelligence (+3).
   It affects your dexterity (-4).
   It greatly protects you from negative energy.
   It lets you blink.
 Z - the ring "Ypnum" (left hand) {AC+3 Str+3}
   (You found it on level 6 of the Lair of Beasts)

   [ring of protection]

   It affects your AC (+3).
   It affects your strength (+3).
Wands
 i - a wand of disintegration (2)
 l - a wand of paralysis (8)
 B - a wand of acid (17)
 K - a wand of digging (7)
 U - a wand of polymorph (9)
Scrolls
 b - a scroll of brand weapon
 c - 8 scrolls of teleportation
 g - 11 scrolls of remove curse
 k - 3 scrolls of fear
 p - 2 scrolls of torment
 s - a scroll of fog
 v - a scroll of identify
 x - 4 scrolls of amnesia
 C - 2 scrolls of summoning
 D - 2 scrolls of blinking
 G - 2 scrolls of enchant weapon
 Y - a scroll of holy word
Potions
 e - 5 potions of curing
 h - 3 potions of agility
 j - 3 potions of might
 n - 3 potions of mutation
 q - a potion of resistance
 r - 9 potions of heal wounds
 u - 2 potions of magic
 z - 5 potions of invisibility
 A - 2 potions of flight
 E - a potion of ambrosia
 I - a potion of cancellation
 R - a potion of haste
 S - 2 potions of lignification
Miscellaneous
 w - a lamp of fire
 J - a phantom mirror
 W - a crystal ball of energy
Comestibles
 d - 8 rations


   Skills:
 * Level 6.9 Fighting
 - Level 8.0 Short Blades
 - Level 2.0 Armour
 + Level 14.5 Dodging
 - Level 8.0 Stealth
 * Level 1.3 Shields
 - Level 14.8 Spellcasting
 * Level 5.3 Charms
 - Level 17.1 Necromancy
 - Level 2.0 Translocations
 * Level 0.9 Air Magic
 - Level 3.0 Earth Magic


You had 7 spell levels left.
You knew the following spells:

 Your Spells              Type           Power        Failure   Level  Hunger
a - Infusion              Chrm           ####         1%          1    None
b - Shroud of Golubria    Chrm/Tloc      #####.....   1%          2    None
c - Regeneration          Chrm/Necr      ######....   1%          3    None
d - Borgnjor's Vile Clut  Necr/Erth      ######....   1%          5    None
e - Animate Dead          Necr           N/A          1%          4    None
f - Agony                 Necr           #######.     1%          5    None
g - Dispel Undead         Necr           #######.     1%          5    None
h - Sublimation of Blood  Necr           #######...   0%          2    None
i - Deflect Missiles      Chrm/Air       #####.....   83%         6    ####...
v - Vampiric Draining     Necr           #######...   0%          3    None

Your spell library contained the following spells:

 Spells                   Type           Power        Failure   Level  Hunger
 Animate Skeleton         Necr           N/A          0%          1    None
 Pain                     Necr           ####         0%          1    None
 Song of Slaying          Chrm           ######..     1%          2    None
 Magic Dart               Conj           ###.         3%          1    None
 Spectral Weapon          Hex/Chrm       #####...     3%          3    None
 Bolt of Draining         Conj/Necr      ######....   3%          5    None
 Searing Ray              Conj           ###...       5%          2    None
 Dazzling Spray           Conj/Hex       ###...       11%         3    None
 Force Lance              Conj/Tloc      ####....     24%         4    None
 Summon Lightning Spire   Summ/Air       ###.....     30%         4    None
 Iskenderun's Battlesphe  Conj/Chrm      #####...     34%         5    None
 Cause Fear               Hex            ###.......   36%         4    None
 Fulminant Prism          Conj/Hex       ###.......   36%         4    None
 Iskenderun's Mystic Bla  Conj           ###.....     36%         4    None
 Bolt of Magma            Conj/Fire/Erth ####......   56%         5    None
 Silence                  Hex/Air        ###.......   63%         5    None
 Venom Bolt               Conj/Pois      ###.......   71%         5    None
 Yara's Violent Unravell  Hex/Tmut       ###.......   71%         5    None
 Iron Shot                Conj/Erth      ####......   97%         6    ####...
 Conjure Ball Lightning   Conj/Air       ###.......   99%         6    ####...
 Orb of Destruction       Conj           ###.......   100%        7    #####..
 Spellforged Servitor     Conj/Summ      ###.......   100%        7    #####..
 Discord                  Hex            ###.......   100%        8    #######
 Tornado                  Air            ####......   100%        9    #######


Dungeon Overview and Level Annotations

Branches:
Dungeon (14/15)            Temple (1/1) D:5            Lair (6/6) D:9
 Shoals (1/4) Lair:4        Snake (2/4) Lair:3        Slime (0/5) Lair:5
    Orc (2/2) D:9             Elf (0/3) Orc:2        Vaults (0/5) D:13

Altars:
Ashenzari
Cheibriados
Dithmenos
Elyvilon
Fedhas
Gozag
Hepliaklqana
Kikubaaqudgha
Makhleb
Nemelex Xobeh
Okawaru
Qazlal
Ru
Sif Muna
Trog
Uskayaw
Vehumet
Wu Jian
Xom
Yredelemnul
Zin
The Shining One
Jiyva

Shops:
D:4 ?   D:8 ?}*!(   Orc:1 (   Orc:2 [[}=   Snake:1 !   Snake:2 (

Annotations:
D:14 exclusion: Roxanne, Roxanne


Innate Abilities, Weirdness & Mutations

You are very small and have problems with some larger weapons.
You are too small for most types of armour.
You have supernaturally acute eyesight. (SInv)
You are a herbivore.
You cover ground extremely quickly.
You need to consume almost no food.


Message History

You are more poisoned.
The anaconda bites your anaconda zombie!
The anaconda constricts you. The black mamba closely misses you.
The black mamba bites you!
You are more poisoned.
The black mamba poisons you!
The guardian serpent coils itself and waves its upper body at you.
The bolt of poison hits you.
You are more poisoned.
The bolt of poison hits the black mamba.
Your anaconda zombie bites the black mamba!
Your anaconda zombie constricts the black mamba.
Your shock serpent zombie bites the guardian serpent but does no damage.
The anaconda bites you!
* * * LOW HITPOINT WARNING * * *
x2 The anaconda constricts you.
The black mamba completely misses you.
The mana viper bites your naga warrior zombie.
The black mamba bites you!
You die...
Kikubaaqudgha rasps: "You have failed me!
Welcome... death!"

#...........# ##.#
#..........###.[###
##.................#
##..................##
##....................##
.......................#
..............Z........#
.N....)........SZS.N..##
.(..((.Z.SZ.....@SS...#
....###.......##.S...##
....# #........##..###
.....##.###.#..##.##
..#..#### #########
...... ...##.. ..# ...


You could see an anaconda, a naga ritualist, a mana viper, a guardian serpent, 3
black mambas, a friendly anaconda zombie, a friendly naga warrior zombie and a
friendly shock serpent zombie.

Vanquished Creatures
  Saint Roka (Orc:2)
  Rupert (Lair:4)
  An ettin (Orc:2)
  Erolcha (D:13)
  Fannar (D:10)
  3 hydras
  2 naga warriors
  3 anacondas (Snake:1)
  A centaur warrior (D:13)
  5 two-headed ogres
  3 death yaks
  2 ogre magi (Orc:2)
  An orc high priest (Orc:1)
  2 shock serpents (Snake:1)
  A naga sharpshooter (Snake:1)
  Nergalle (D:10)
  A skeletal warrior (D:10)
  2 sea snakes (Snake:1)
  3 unseen horrors
  2 deep trolls (Orc:2)
  A naga ritualist (Snake:1)
  An orc sorcerer (Orc:1)
  A mana viper (Snake:1)
  4 ugly things
  3 cyclopes
  A slime creature (D:12)
  A manticore (D:14)
  A salamander (Snake:1)
  4 elephants (Lair:6)
  Maurice (D:9)
  12 black mambas
  A naga mage (Snake:1)
  14 spiny frogs
  Psyche (D:10)
  A rime drake (Lair:3)
  4 komodo dragons
  9 trolls
  A hornet (D:14)
  A wolf spider simulacrum (D:13)
  3 tyrant leeches
  A dream sheep (Lair:5)
  A snapping turtle (Lair:4)
  10 hippogriffs
  17 blink frogs
  A shadow (D:13)
  A vampire (D:10)
  19 yaks
  6 basilisks
  2 vampire mosquitoes (Lair:6)
  3 hungry ghosts
  4 swamp worms
  12 nagas
  An acid dragon (D:11)
  A soldier ant (D:13)
  Duvessa (D:7)
  13 water moccasins
  3 porcupines
  4 ice beasts
  4 sky beasts
  A swamp drake (D:9)
  A necrophage (D:5)
  2 black bears
  22 orc warriors
  23 ogres
  2 phantoms
  An eye of draining (D:13)
  13 centaurs
  10 wolves
  7 crocodiles
  3 big kobolds
  21 bullfrogs
  Dowan (D:7)
  A gnoll sergeant (Orc:2)
  2 scorpions
  A water moccasin skeleton (D:6)
  4 electric eels
  5 wights
  2 howler monkeys
  7 crimson imps
  11 jellies
  A quasit (D:10)
  2 centaur zombies
  6 hounds
  17 orc priests
  19 orc wizards
  2 bullfrog skeletons
  3 iguanas
  2 hell rats (Lair:4)
  12 worker ants
  Terence (D:2)
  A hound skeleton (D:8)
  A mummy (D:8)
  A worker ant zombie (D:5)
  A howler monkey zombie (D:7)
  12 adders
  7 gnolls
  A river rat (Lair:4)
  6 shadow imps
  2 adder skeletons
  A worm (D:3)
  4 dart slugs
  4 leopard geckos
  82 orcs
  5 giant cockroaches
  4 goblins
  6 hobgoblins
  4 jackals
  8 quokkas
  2 ball pythons
  3 bats
  4 frilled lizards
  A hobgoblin zombie (D:8)
  24 kobolds
  A kobold zombie (D:8)
  2 orc zombies (D:8)
  6 rats
604 creatures vanquished.

Vanquished Creatures (collateral kills)
  Gastronok (Lair:1)
  Louise (Snake:1)
  The ghost of Pojan the Martial Artist, a journeyman GnTm of Ashenzari (Lair:6)
  Snorg (Lair:3)
  A death ooze (Lair:6)
  4 hydras
  2 naga warriors (Snake:1)
  Harold (D:9)
  2 catoblepae
  A centaur warrior (D:13)
  2 anacondas
  An alligator (Lair:5)
  8 death yaks
  5 two-headed ogres (Orc:2)
  A fire crab (Lair:5)
  2 swamp dragons (Lair:5)
  A mana viper (Snake:1)
  A lindwurm (Lair:6)
  An orc knight (Orc:2)
  An ugly thing (D:11)
  A cyclops (Orc:2)
  2 salamanders (Snake:2)
  7 black mambas
  A torpor snail (Lair:2)
  7 spiny frogs
  A centaur skeleton (D:13)
  3 komodo dragons
  4 trolls
  7 tyrant leeches
  9 blink frogs
  8 slime creatures
  9 dream sheep
  16 yaks
  4 basilisks
  4 vampire mosquitoes (Lair:6)
  7 swamp worms
  A water moccasin (Lair:5)
  2 nagas (Snake:1)
  3 orc warriors
  2 swamp drakes (Lair:5)
  7 ogres
  4 wolves
  3 crocodiles
  9 bullfrogs
  An electric eel (Snake:1)
  10 jellies
  5 orc priests
  A hell rat (Lair:4)
  3 orc wizards (Orc:1)
  4 river rats (Lair:4)
  An adder (D:12)
  A shadow imp (D:13)
  An ooze (Lair:5)
  12 orcs
  3 kobolds (D:12)
  3 fungi
  10 plants
214 creatures vanquished.

Vanquished Creatures (others)
  A rat (Lair:4)
  A bush (Lair:6)
  11 fungi
  45 plants
58 creatures vanquished.

Grand Total: 876 creatures vanquished

Notes
Turn   | Place    | Note
-------+----------+-------------------------------------------
     0 | D:1      | Masnef the Spriggan Skald began the quest for the Orb.
     0 | D:1      | Reached XP level 1. HP: 10/10 MP: 5/5
   143 | D:1      | Reached skill level 1 in Stealth
   471 | D:1      | Reached XP level 2. HP: 14/14 MP: 6/6
   488 | D:1      | Learned a level 2 spell: Shroud of Golubria
  1063 | D:1      | Found an opulent altar of Gozag.
  1065 | D:1      | Found a burning altar of Makhleb.
  1065 | D:1      | Found an iron altar of Okawaru.
  1067 | D:1      | Found a shimmering altar of Xom.
  1067 | D:1      | Found a sacrificial altar of Ru.
  1067 | D:1      | Found an iron altar of Okawaru.
  1198 | D:2      | Found a radiant altar of Vehumet.
  1296 | D:2      | Noticed Terence
  1308 | D:2      | Killed Terence
  1308 | D:2      | Reached XP level 3. HP: 18/18 MP: 1/8
  1732 | D:2      | Reached XP level 4. HP: 22/22 MP: 9/9
  1740 | D:2      | Learned a level 3 spell: Regeneration
  2479 | D:3      | Reached skill level 5 in Charms
  3039 | D:3      | Reached skill level 5 in Stealth
  3039 | D:3      | Reached XP level 5. HP: 26/26 MP: 2/10
  3138 | D:4      | Reached skill level 1 in Necromancy
  3442 | D:4      | Found Nebant's Magic Scroll Shop.
  3460 | D:4      | Bought a scroll of identify for 22 gold pieces
  3460 | D:4      | Bought a scroll of identify for 22 gold pieces
  3460 | D:4      | Bought a scroll of identify for 22 gold pieces
  3918 | D:4      | Noticed an ogre
  3930 | D:4      | Killed an ogre
  3930 | D:4      | Reached XP level 6. HP: 30/30 MP: 0/12
  4452 | D:4      | Found Nebant's Magic Scroll Shop.
  4525 | D:4      | Found Nebant's Magic Scroll Shop.
  4873 | D:5      | Entered Level 5 of the Dungeon
  5272 | D:5      | Found a stormy altar of Qazlal.
  5273 | D:5      | Noticed a fire elemental
  5274 | D:5      | Noticed an air elemental
  5275 | D:5      | Noticed a water elemental
  5365 | D:5      | Reached skill level 1 in Translocations
  5513 | D:5      | Reached skill level 2 in Necromancy
  5513 | D:5      | Reached XP level 7. HP: 29/35 MP: 14/14
  5958 | D:5      | Reached skill level 5 in Dodging
  5958 | D:5      | Reached skill level 5 in Spellcasting
  6025 | D:5      | Found a staircase to the Ecumenical Temple.
  6035 | Temple   | Entered the Ecumenical Temple
  6136 | Temple   | Became a worshipper of Kikubaaqudgha
  6590 | D:5      | Learned a level 3 spell: Vampiric Draining
  6595 | D:5      | Learned a level 4 spell: Animate Dead
  6683 | D:6      | Reached skill level 5 in Short Blades
  6696 | D:6      | Reached XP level 8. HP: 23/40 MP: 5/17
  7581 | D:5      | Reached skill level 3 in Necromancy
  8673 | D:6      | Found a sacrificial altar of Ru.
  9467 | D:6      | Reached XP level 9. HP: 38/44 MP: 2/21
  9614 | D:6      | Reached * piety under Kikubaaqudgha
  9614 | D:6      | Identified Kikubaaqudgha's Grimoire of Stolen Souls
                  | (Kikubaaqudgha gifted it to you on level 6 of the Dungeon)
  9614 | D:6      | Received a gift from Kikubaaqudgha
  9934 | D:6      | Found a shadowy altar of Dithmenos.
  9937 | D:6      | Reached skill level 4 in Necromancy
 10107 | D:7      | Noticed Duvessa
 10107 | D:7      | Noticed Dowan
 10143 | D:7      | Killed Duvessa
 10160 | D:7      | Killed Dowan
 10413 | D:7      | Found a deep blue altar of Sif Muna.
 10413 | D:7      | Found an opulent altar of Gozag.
 10623 | D:7      | Found an ornate altar of the Wu Jian Council.
 10868 | D:8      | Found Sevvaezabb's Distillery.
 10871 | D:8      | Bought a potion of heal wounds for 60 gold pieces
 10871 | D:8      | Bought a potion of heal wounds for 60 gold pieces
 10871 | D:8      | Bought a potion of curing for 36 gold pieces
 10871 | D:8      | Bought a potion of invisibility for 96 gold pieces
 11053 | D:8      | Found Qair's Magic Scroll Shoppe.
 11068 | D:8      | Found Zebar Egebe's Gadget Boutique.
 11122 | D:8      | Found Paenus's General Store.
 11507 | D:8      | Found Izogh's Weapon Boutique.
 11608 | D:9      | Noticed a two-headed ogre
 11642 | D:9      | Killed a two-headed ogre
 11642 | D:9      | Reached XP level 10. HP: 17/49 MP: 8/24
 12124 | D:8      | Reached skill level 10 in Spellcasting
 12124 | D:8      | Reached skill level 5 in Necromancy
 12226 | D:8      | Bought a scroll of blinking for 112 gold pieces
 12241 | D:8      | Reached ** piety under Kikubaaqudgha
 12489 | D:9      | Found a staircase to the Lair.
 13171 | D:9      | Found a staircase to the Orcish Mines.
 13487 | D:9      | Noticed Maurice
 13510 | D:9      | Killed Maurice
 13751 | D:9      | Reached *** piety under Kikubaaqudgha
 13751 | D:9      | Identified Kikubaaqudgha's Guide on Darkness (Kikubaaqudgha
                  | gifted it to you on level 9 of the Dungeon)
 13751 | D:9      | Received a gift from Kikubaaqudgha
 13783 | D:9      | Learned a level 5 spell: Borgnjor's Vile Clutch
 13899 | D:10     | Entered Level 10 of the Dungeon
 13912 | D:10     | Noticed an unseen horror
 13949 | D:10     | Noticed Psyche
 13959 | D:10     | Killed an unseen horror
 13959 | D:10     | Reached skill level 1 in Earth Magic
 13976 | D:10     | Noticed Fannar
 14055 | Lair:1   | Entered Level 1 of the Lair of Beasts
 14365 | Lair:1   | Reached XP level 11. HP: 36/54 MP: 6/27
 14381 | Lair:1   | Learned a level 5 spell: Agony
 14540 | Lair:1   | Noticed Gastronok
 14752 | Lair:1   | Killed Gastronok
 14752 | Lair:1   | Reached skill level 10 in Dodging
 14752 | Lair:1   | Reached skill level 6 in Necromancy
 14894 | Lair:1   | Noticed a seven-headed hydra
 14923 | Lair:1   | Killed a seven-headed hydra
 16364 | D:10     | Killed Fannar
 16364 | D:10     | Reached skill level 7 in Necromancy
 16610 | D:10     | Killed Psyche
 16904 | D:10     | Reached **** piety under Kikubaaqudgha
 16905 | D:10     | Noticed Nergalle
 16915 | D:10     | Killed Nergalle
 16942 | D:10     | Noticed a catoblepas
 16956 | D:10     | Learned a level 5 spell: Dispel Undead
 17181 | D:10     | Got an ichor-stained mace
 17182 | D:10     | Identified the +5 mace "Vilytunk" {elec, Str+2} (You found
                  | it on level 10 of the Dungeon)
 17400 | D:10     | Identified the +5 hand crossbow "Teyto" {venom, Stlth+}
 17400 | D:10     | Noticed a skeletal warrior
 17576 | D:10     | Killed a skeletal warrior
 18196 | D:10     | Killed a catoblepas
 18196 | D:10     | Reached XP level 12. HP: 58/58 MP: 9/30
 19019 | D:11     | Reached skill level 8 in Necromancy
 20191 | Lair:2   | Reached skill level 5 in Fighting
 20235 | Lair:2   | Reached skill level 9 in Necromancy
 21952 | Lair:2   | Reached skill level 10 in Necromancy
 22079 | Lair:2   | Identified a scroll of acquirement
 22548 | Lair:3   | Noticed an eight-headed hydra
 22569 | Lair:3   | Killed an eight-headed hydra
 22748 | Lair:3   | Noticed Snorg
 22825 | Lair:3   | Killed Snorg
 22922 | Lair:3   | Found a staircase to the Snake Pit.
 23026 | Lair:3   | Reached skill level 11 in Necromancy
 23906 | Lair:4   | Noticed Rupert
 23937 | Lair:4   | Killed Rupert
 23937 | Lair:4   | Reached skill level 1 in Armour
 23937 | Lair:4   | Reached XP level 13. HP: 63/63 MP: 9/32
 24776 | Lair:4   | Found a staircase to the Shoals.
 24852 | Shoals:1 | Entered Level 1 of the Shoals
 25488 | Lair:5   | Reached skill level 12 in Necromancy
 25993 | Lair:5   | Found a staircase to the Slime Pits.
 26038 | Lair:5   | Reached ***** piety under Kikubaaqudgha
 26899 | Lair:5   | Reached skill level 13 in Necromancy
 27234 | Lair:6   | Entered Level 6 of the Lair of Beasts
 27856 | Lair:6   | Found a runed translucent gate.
 28009 | Lair:6   | Found a runed translucent gate.
 28009 | Lair:6   | Found a runed translucent gate.
 28438 | Lair:5   | Reached XP level 14. HP: 61/69 MP: 33/33
 28586 | Lair:6   | Noticed Pojan's ghost (journeyman GnTm)
 28590 | Lair:6   | Found a viscous altar of Jiyva.
 28730 | Lair:5   | Reached skill level 14 in Necromancy
 29937 | Lair:6   | Got an ancient diamond amulet
 30300 | Lair:6   | Killed Pojan's ghost
 30367 | Lair:6   | Got a pitted amber ring
 30385 | Lair:6   | Identified the amulet "Fowosu" {Acrobat +Blink rN++ Int+3
                  | Dex-4} (You found it on level 6 of the Lair of Beasts)
 30403 | Lair:6   | Identified the ring "Ypnum" {AC+3 Str+3} (You found it on
                  | level 6 of the Lair of Beasts)
 30481 | Lair:6   | Got an ivory war axe
 30693 | Orc:1    | Entered Level 1 of the Orcish Mines
 30716 | Orc:1    | Noticed Harold
 30757 | D:9      | Killed Harold
 31021 | Orc:1    | Found Utaste Zixt's Weapon Emporium.
 31459 | Orc:2    | Entered Level 2 of the Orcish Mines
 31517 | Orc:2    | Reached skill level 15 in Necromancy
 31562 | Orc:2    | Noticed Saint Roka
 31976 | Orc:2    | Found a bloodstained altar of Trog.
 31980 | Orc:2    | Found a staircase to the Elven Halls.
 32924 | Orc:2    | Killed Saint Roka
 33795 | Orc:2    | Found Peireunu's Antique Armour Emporium.
 33796 | Orc:2    | Found Qutt's Gadget Shoppe.
 33798 | Orc:2    | Found Ciekk's Jewellery Shop.
 34496 | Orc:2    | Reached XP level 15. HP: 65/73 MP: 0/34
 34507 | Orc:2    | Found Niurgh's Antique Armour Shoppe.
 34516 | Orc:2    | Bought a heavy robe for 148 gold pieces
 34516 | Orc:2    | Bought a buckler for 117 gold pieces
 34529 | Orc:2    | Identified the +1 robe "Launt" {Int+4} (You bought it in a
                  | shop on level 2 of the Orcish Mines)
 35035 | D:12     | Learned a level 2 spell: Sublimation of Blood
 35241 | D:12     | Reached skill level 16 in Necromancy
 36433 | D:13     | Found a gate to the Vaults.
 36852 | D:13     | Noticed Erolcha
 36866 | D:13     | Killed Erolcha
 37087 | D:14     | Identified Roxanne's Volume of the Rocks
 37087 | D:14     | Noticed Roxanne
 37402 | Orc:1    | Bought the +6 dagger "Icilufoi" {freeze, Str+3} for 656
                  | gold pieces
 37700 | D:4      | Bought a scroll of holy word for 82 gold pieces
 37700 | D:4      | Bought a scroll of amnesia for 38 gold pieces
 37700 | D:4      | Bought a scroll of fog for 22 gold pieces
 38047 | D:8      | Bought a scroll of teleportation for 45 gold pieces
 38047 | D:8      | Bought a scroll of teleportation for 45 gold pieces
 38136 | Snake:1  | Entered Level 1 of the Snake Pit
 38488 | Snake:1  | Reached skill level 1 in Shields
 39654 | Snake:1  | Found Bigorur's Distillery.
 39662 | Snake:1  | Bought a potion of heal wounds for 60 gold pieces
 39662 | Snake:1  | Bought a potion of magic for 96 gold pieces
 39708 | Snake:1  | Reached skill level 17 in Necromancy
 39773 | Snake:1  | Noticed Louise
 39803 | Snake:1  | Killed Louise
 40253 | Snake:1  | Learned a level 6 spell: Deflect Missiles
 41407 | Snake:2  | Found Naxusi's Weapon Shop.
 41445 | Snake:2  | HP: 3/74 [anaconda (16)]
 41447 | Snake:2  | Slain by a black mamba

Skill      XL: |  1  2  3  4  5  6  7  8  9 10 11 12 13 14 15 |
---------------+----------------------------------------------+-----
Stealth        | 2 4 5 6 7 8 |  8.0
Spellcasting   | 3 4 5 7 9 11 13 14 | 14.8
Dodging        | 4 5 6 8 9 10 11 13 14 | 14.5
Charms         | 5 |  5.3
Short Blades   | 3 4 5 6 8 |  8.0
Necromancy     | 1 2 3 4 5 7 11 13 15 17 | 17.1
Fighting       | 2 3 4 5 6 |  6.9
Translocations | 1 2 |  2.0
Earth Magic    | 1 3 |  3.0
Armour         | 1 2 |  2.0
Shields        | 1 |  1.3
Air Magic      | |  0.9

Action                   |  1- 3 |  4- 6 |  7- 9 | 10-12 | 13-15 || total
-------------------------+-------+-------+-------+-------+-------++-------
Melee: Dagger            |    84 |   195 |   515 |  1129 |  1786 ||  3709
       Short sword       |    11 |       |       |       |       ||    11
 Cast: Infusion          |     4 |     8 |    17 |    51 |    28 ||   108
       Shroud of Golubri |     2 |    10 |    34 |    64 |    69 ||   179
       Regeneration      |       |       |     3 |     8 |    23 ||    34
       Vampiric Draining |       |       |     7 |    66 |   167 ||   240
       Animate Dead      |       |       |     1 |    51 |   119 ||   171
       Agony             |       |       |       |    17 |    30 ||    47
       Dispel Undead     |       |       |       |     7 |     1 ||     8
       Borgnjor's Vile C |       |       |       |    12 |    67 ||    79
Invok: Receive Corpses   |       |       |     1 |    18 |    48 ||    67
 Abil: Evoke Blink       |       |       |       |       |     4 ||     4
Evoke: Wand              |       |       |    16 |    15 |     3 ||    34
  Use: Scroll            |     1 |    11 |     6 |    12 |     7 ||    37
       Potion            |       |     1 |       |     1 |     6 ||     8
 Stab: Sleeping          |     7 |     7 |    16 |    30 |    20 ||    80
       Distracted        |       |     1 |     1 |     4 |    17 ||    23
       Paralysed         |       |       |     2 |     1 |       ||     3
  Eat: Ration            |       |     2 |     4 |    13 |    21 ||    40
Armor: Robe              |     8 |    18 |    28 |    46 |    32 ||   132
       Troll leather arm |       |       |       |     8 |   130 ||   138
Dodge: Dodged            |    73 |   148 |   347 |  1007 |  1805 ||  3380
Block: Buckler           |       |       |       |       |    80 ||    80
